 Dungeon Crawl Stone Soup version 0.23-a0-635-g88ca12a (webtiles) character file.

10087 zishaf the Thaumaturge (level 11, -12/81 HPs)
             Began as a Gnoll Wizard on Dec 27, 2018.
             Was a High Priest of Cheibriados.
             Mangled by a slime creature (15 damage)
             ... on level 10 of the Dungeon.
             The game lasted 00:35:18 (12965 turns).

zishaf the Thaumaturge (Gnoll Wizard)              Turns: 12965, Time: 00:35:19

Health: -12/81     AC: 10    Str: 24    XL:     11   Next: 56%
Magic:  24/24      EV: 20    Int: 34    God:    Cheibriados [*****.]
Gold:   390        SH:  0    Dex: 28    Spells: 5/29 levels left

rFire    . . .     SeeInvis .   a - +9 dagger "Feothryp" {venom, Dex+3}
rCold    + . .     Gourm    .   (no shield)
rNeg     . . .     Faith    .   m - +0 acid dragon scales
rPois    .         Spirit   .   i - +0 hat
rElec    .         Reflect  .   (no cloak)
rCorr    +         Harm     .   e - +0 pair of gloves
MR       .....                  t - +0 pair of boots
Stlth    ++++......             (no amulet)
HPRegen  0.23/turn              F - +3 ring of strength
MPRegen  0.19/turn              J - ring of protection from cold

@: very slow
A: distributed training, fangs 1, strong nose
a: Bend Time, Temporal Distortion, Slouch, Step From Time, Renounce Religion


You were on level 10 of the Dungeon.
You worshipped Cheibriados.
Cheibriados was extremely pleased with you.
You were not hungry.

You visited 2 branches of the dungeon, and saw 11 of its levels.

You collected 525 gold pieces.
You spent 135 gold pieces at shops.

Inventory:

Hand Weapons
 a - the +9 dagger "Feothryp" (weapon) {venom, Dex+3}
   (You took it off a kobold on level 3 of the Dungeon)

   It poisons the flesh of those it strikes.
   It affects your dexterity (+3).
 b - a +3 halberd of freezing
 w - a +0 blowgun
Missiles
 p - 20 poisoned needles
Armour
 e - a +0 pair of gloves (worn)
 i - a +0 hat (worn)
 m - +0 acid dragon scales (worn)
 t - a +0 pair of boots (worn)
Magical Staves
 G - an uncursed staff of poison
Jewellery
 k - an uncursed ring of resist corrosion
 B - an uncursed amulet of harm
 D - an uncursed ring of fire
 F - a +3 ring of strength (left hand)
 J - a ring of protection from cold (right hand)
Wands
 h - a wand of enslavement (6)
 q - a wand of polymorph (12)
 y - a wand of flame (26)
Scrolls
 c - 2 scrolls of blinking
 f - a scroll of vulnerability {unknown}
 g - 2 scrolls of enchant armour
 l - 2 scrolls of enchant weapon
 r - 5 scrolls of remove curse
 x - 2 scrolls of teleportation {unknown}
 z - 3 scrolls of fog
 A - 3 scrolls of immolation
 C - a scroll of magic mapping
 E - 2 scrolls of fear
 H - a scroll of summoning
 I - a scroll of random uselessness {unknown}
 K - a scroll of amnesia {unknown}
 M - a scroll of silence {unknown}
 N - a scroll of identify
Potions
 j - a potion of invisibility
 n - 4 potions of lignification
 o - 2 potions of flight
 s - 6 potions of curing
 u - a potion of heal wounds
 v - a potion of agility
 O - a potion of ambrosia {unknown}
 P - a potion of resistance {unknown}
Comestibles
 d - 24 rations


   Skills:
 + Level 6.3 Fighting
 + Level 6.3 Short Blades
 + Level 6.3 Long Blades
 + Level 6.3 Axes
 + Level 6.3 Maces & Flails
 + Level 6.3 Polearms
 + Level 6.3 Staves
 + Level 6.3 Slings
 + Level 6.3 Bows
 + Level 6.3 Crossbows
 + Level 6.3 Throwing
 + Level 6.3 Armour
 + Level 7.9 Dodging
 + Level 7.6 Stealth
 + Level 6.3 Shields
 + Level 6.3 Unarmed Combat
 + Level 9.6 Spellcasting
 + Level 5.7 Conjurations
 + Level 5.2 Hexes
 + Level 5.2 Charms
 + Level 5.7 Summonings
 + Level 5.2 Necromancy
 + Level 5.7 Translocations
 + Level 5.2 Transmutations
 + Level 5.2 Fire Magic
 + Level 5.2 Ice Magic
 + Level 5.2 Air Magic
 + Level 5.2 Earth Magic
 + Level 5.2 Poison Magic
 + Level 6.9 Invocations
 + Level 6.3 Evocations


You had 5 spell levels left.
You knew the following spells:

 Your Spells              Type           Power        Failure   Level  Hunger
a - Magic Dart            Conj           ####         1%          1    None
b - Animate Dead          Necr           N/A          3%          4    None
c - Conjure Flame         Conj/Fire      ######..     1%          3    None
d - Mephitic Cloud        Conj/Pois/Air  ######..     1%          3    None
e - Blink                 Tloc           N/A          1%          2    None
f - Call Imp              Summ           ######..     1%          2    None
g - Confuse               Hex            ######..     1%          3    None
h - Spectral Weapon       Hex/Chrm       ######..     1%          3    None
z - Regeneration          Chrm/Necr      ######....   1%          3    None

Your spell library contained the following spells:

 Spells                   Type           Power        Failure   Level  Hunger
 Animate Skeleton         Necr           N/A          1%          1    None
 Confusing Touch          Hex            ######       1%          1    None
 Infusion                 Chrm           ####         1%          1    None
 Pain                     Necr           ####         1%          1    None
 Corpse Rot               Necr           N/A          1%          2    None
 Shroud of Golubria       Chrm/Tloc      ######....   1%          2    None
 Slow                     Hex            ######..     1%          2    None
 Song of Slaying          Chrm           ######..     1%          2    None
 Gell's Gravitas          Tloc           ######....   1%          3    None
 Stone Arrow              Conj/Erth      ######       1%          3    None
 Vampiric Draining        Necr           ######....   1%          3    None
 Leda's Liquefaction      Hex/Erth       ######....   3%          4    None
 Petrify                  Tmut/Erth      ######..     3%          4    None
 Summon Forest            Summ/Tloc      ######....   9%          5    ###....
 Metabolic Englaciation   Hex/Ice        ######....   11%         5    ###....
 Yara's Violent Unravell  Hex/Tmut       ######....   11%         5    ###....
 Hydra Form               Tmut           ######....   52%         6    #####..
 Summon Hydra             Summ           ######....   95%         7    ######.


Dungeon Overview and Level Annotations

Branches:
Dungeon (10/15)            Temple (1/1) D:6
   Lair: D:8-11         Orc: D:9-12

Altars:
Ashenzari
Cheibriados
Dithmenos
Elyvilon
Fedhas
Gozag
Hepliaklqana
Kikubaaqudgha
Makhleb
Nemelex Xobeh
Okawaru
Qazlal
Ru
Sif Muna
Trog
Uskayaw
Vehumet
Wu Jian
Xom
Yredelemnul
Zin
The Shining One

Shops:
D:4 ::[   D:6 !(   D:9 *

Annotations:
D:10 2 runed doors


Innate Abilities, Weirdness & Mutations

Your experience applies equally to all skills.
You have very sharp teeth.
Your uncanny sense of smell can sniff out nearby items.


Message History

The centaur warrior unwields a +0 longbow.
The centaur warrior wields an uncursed staff of energy.
The centaur warrior hits you with an uncursed staff of energy.
* * * LOW HITPOINT WARNING * * *
The tarantella closely misses you.
You see here a short sword.
The tarantella misses you.
The slime creature completely misses you.
The centaur warrior hits you but does no damage.
The tarantella completely misses you.
The centaur warrior hits you with an uncursed staff of energy.
* * * LOW HITPOINT WARNING * * *
The tarantella bites you but does no damage.
The slime creature hits you!
* * * LOW HITPOINT WARNING * * *
There is a stone staircase leading up here.
The centaur warrior hits you with an uncursed staff of energy!
* * * LOW HITPOINT WARNING * * *
The tarantella completely misses you. The slime creature hits you!
You die... ....8..# #.......#C##.##.###. ......## #.....#.##.#.#.####+ ......# #.....#..#9###.# #Zy

......########....>#..##.#.## #..
.......................#.#.####Zh
...(.........(.........##c###.+
............)#...####...#.##.####
........####.....J......#.#.#####
.######## ####..@s9..C..........)
# #......c....#####..##..
#.....................#
#.....................#
#..........#####..###..
########.........## ..
#.........# . #.).......#
#.........#


You could see a slime creature, a centaur warrior, a cyclops, a tarantella and a
gargoyle.

Vanquished Creatures
  A hydra (D:9)
  The ghost of cornDRAGON the Basher, a novice MiGl (D:8)
  The ghost of modulok the Carver, a novice HuFi (D:5)
  2 trolls
  Prince Ribbit (D:8)
  2 dream sheep (D:9)
  A hippogriff (D:10)
  A vampire (D:9)
  A wyvern (D:9)
  11 yaks
  The ghost of ezpacito the Skirmisher, an amateur DsBe of Trog (D:3)
  2 hungry ghosts
  An acid dragon (D:9)
  4 orc warriors
  2 sky beasts
  A black bear (D:10)
  An ice beast (D:9)
  4 ogres
  4 phantoms
  3 centaurs
  Blork the orc (D:6)
  7 big kobolds
  9 bullfrogs
  A gnoll sergeant (D:8)
  3 scorpions
  A wight (D:8)
  2 howler monkeys
  3 electric eels (D:10)
  3 crimson imps
  2 bullfrog zombies
  5 hounds
  6 orc priests
  A centaur skeleton (D:8)
  6 jellies
  4 bullfrog skeletons
  2 iguanas
  8 orc wizards
  5 worker ants
  2 bullfrog simulacra (D:10)
  A centaur simulacrum (D:10)
  3 hound skeletons
  A worker ant zombie (D:8)
  4 gnolls (D:8)
  20 adders
  4 shadow imps
  5 white imps
  3 ufetubi
  An adder zombie (D:6)
  2 oozes
  2 adder skeletons (D:5)
  A worm (D:3)
  6 dart slugs
  4 leopard geckos
  27 orcs
  6 bats
  3 giant cockroaches
  6 goblins
  5 hobgoblins
  10 jackals
  A quokka (D:5)
  2 ball pythons
  7 frilled lizards
  14 kobolds
  9 rats
  A plant (D:9)
264 creatures vanquished.

Vanquished Creatures (collateral kills)
  Sigmund (D:3)
  A kobold (D:10)
2 creatures vanquished.

Vanquished Creatures (others)
  An orc (D:10)
  4 plants (D:3)
5 creatures vanquished.

Grand Total: 271 creatures vanquished

Notes
Turn   | Place    | Note
-------+----------+-------------------------------------------
     0 | D:1      | zishaf the Gnoll Wizard began the quest for the Orb.
     0 | D:1      | Reached XP level 1. HP: 13/13 MP: 8/8
    82 | D:1      | Reached XP level 2. HP: 13/19 MP: 0/10
   166 | D:1      | Learned a level 2 spell: Call Imp
   169 | D:1      | Learned a level 2 spell: Blink
   493 | D:1      | Reached XP level 3. HP: 25/25 MP: 7/11
  1143 | D:1      | Reached skill level 1 in Invocations
  1418 | D:2      | Learned a level 3 spell: Conjure Flame
  1462 | D:2      | Reached skill level 1 in Fighting
  1462 | D:2      | Reached skill level 1 in Short Blades
  1462 | D:2      | Reached skill level 1 in Long Blades
  1462 | D:2      | Reached skill level 1 in Axes
  1462 | D:2      | Reached skill level 1 in Maces & Flails
  1462 | D:2      | Reached skill level 1 in Polearms
  1462 | D:2      | Reached skill level 1 in Staves
  1462 | D:2      | Reached skill level 1 in Slings
  1462 | D:2      | Reached skill level 1 in Bows
  1462 | D:2      | Reached skill level 1 in Crossbows
  1462 | D:2      | Reached skill level 1 in Throwing
  1462 | D:2      | Reached skill level 1 in Armour
  1462 | D:2      | Reached skill level 1 in Shields
  1462 | D:2      | Reached skill level 1 in Unarmed Combat
  1462 | D:2      | Reached skill level 1 in Evocations
  1554 | D:2      | Reached XP level 4. HP: 32/32 MP: 11/13
  1596 | D:2      | Learned a level 3 spell: Mephitic Cloud
  2261 | D:2      | Reached skill level 1 in Hexes
  2261 | D:2      | Reached skill level 1 in Charms
  2261 | D:2      | Reached skill level 1 in Necromancy
  2261 | D:2      | Reached skill level 1 in Transmutations
  2261 | D:2      | Reached skill level 1 in Fire Magic
  2261 | D:2      | Reached skill level 1 in Ice Magic
  2261 | D:2      | Reached skill level 1 in Air Magic
  2261 | D:2      | Reached skill level 1 in Earth Magic
  2261 | D:2      | Reached skill level 1 in Poison Magic
  2266 | D:2      | Found a stormy altar of Qazlal.
  2296 | D:2      | Noticed an air elemental
  2297 | D:2      | Noticed a fire elemental
  2297 | D:2      | Noticed an earth elemental
  2297 | D:2      | Noticed a water elemental
  2366 | D:2      | Reached XP level 5. HP: 37/37 MP: 3/14
  2937 | D:3      | Found a runed gate.
  2939 | D:3      | Identified the +9 dagger "Feothryp" {venom, Dex+3}
  2939 | D:3      | Noticed a big kobold
  2939 | D:3      | Noticed ezpacito's ghost (amateur DsBe)
  2940 | D:3      | Found a runed gate.
  2940 | D:3      | Found a runed gate.
  2943 | D:3      | Noticed a big kobold
  3310 | D:3      | Noticed Sigmund
  3351 | D:3      | Killed Sigmund
  3351 | D:3      | Reached XP level 6. HP: 8/44 MP: 1/16
  3745 | D:3      | Reached skill level 5 in Dodging
  3748 | D:3      | Killed ezpacito's ghost
  3748 | D:3      | Reached XP level 7. HP: 44/50 MP: 16/18
  3837 | D:4      | Found Nowoikhli's Book Boutique.
  3845 | D:4      | Found Quorchana's Book Shoppe.
  3887 | D:4      | Reached skill level 5 in Stealth
  4033 | D:4      | Reached XP level 8. HP: 36/57 MP: 13/19
  4260 | D:4      | Found Estie's Armour Shop.
  4382 | D:4      | Found an opulent altar of Gozag.
  4895 | D:5      | Entered Level 5 of the Dungeon
  5041 | D:5      | Found a runed door.
  5202 | D:5      | Noticed modulok's ghost (novice HuFi)
  5309 | D:5      | Reached skill level 8 in Spellcasting
  6337 | D:5      | Killed modulok's ghost
  6337 | D:5      | Reached XP level 9. HP: 16/65 MP: 16/21
  6568 | D:6      | Found a staircase to the Ecumenical Temple.
  6583 | Temple   | Entered the Ecumenical Temple
  6799 | Temple   | Became a worshipper of Cheibriados the Contemplative
  6854 | D:6      | Noticed Blork the orc
  6997 | D:6      | Killed Blork the orc
  7004 | D:6      | Reached * piety under Cheibriados
  7158 | D:6      | Found Qarr's Antique Weapon Shop.
  7230 | D:6      | Found Huanobagh's Distillery.
  7253 | D:6      | You fall through a shaft for 2 floors!
  7300 | D:8      | Reached skill level 5 in Invocations
  7404 | D:8      | Learned a level 3 spell: Regeneration
  7409 | D:8      | Learned a level 4 spell: Animate Dead
  7462 | D:8      | Reached XP level 10. HP: 72/73 MP: 22/22
  7995 | D:7      | Reached ** piety under Cheibriados
  8938 | D:8      | Noticed Prince Ribbit
  8941 | D:8      | Killed Prince Ribbit
  8941 | D:8      | Reached skill level 5 in Fighting
  8941 | D:8      | Reached skill level 5 in Short Blades
  8941 | D:8      | Reached skill level 5 in Long Blades
  8941 | D:8      | Reached skill level 5 in Axes
  8941 | D:8      | Reached skill level 5 in Maces & Flails
  8941 | D:8      | Reached skill level 5 in Polearms
  8941 | D:8      | Reached skill level 5 in Staves
  8941 | D:8      | Reached skill level 5 in Slings
  8941 | D:8      | Reached skill level 5 in Bows
  8941 | D:8      | Reached skill level 5 in Crossbows
  8941 | D:8      | Reached skill level 5 in Throwing
  8941 | D:8      | Reached skill level 5 in Armour
  8941 | D:8      | Reached skill level 5 in Shields
  8941 | D:8      | Reached skill level 5 in Unarmed Combat
  8941 | D:8      | Reached skill level 5 in Evocations
  9387 | D:8      | Found a runed door.
  9387 | D:8      | Noticed cornDRAGON's ghost (novice MiGl)
  9409 | D:8      | Reached *** piety under Cheibriados
  9535 | D:8      | HP: 3/74 [cornDRAGON's ghost (11)]
  9546 | D:8      | HP: 1/74 [cornDRAGON's ghost (8)]
  9552 | D:8      | Killed cornDRAGON's ghost
  9552 | D:8      | Reached skill level 9 in Spellcasting
  9552 | D:8      | Reached skill level 5 in Conjurations
  9552 | D:8      | Reached skill level 5 in Summonings
  9552 | D:8      | Reached skill level 5 in Translocations
  9905 | D:8      | Learned a level 3 spell: Confuse
  9909 | D:8      | Learned a level 3 spell: Spectral Weapon
  9952 | D:9      | Found Rofoth's Hallowed Reliquary.
  9952 | D:9      | Found a glowing silver altar of Zin.
  9952 | D:9      | Noticed an angel
  9960 | D:9      | Bought 2 potions of curing for 90 gold pieces
  9960 | D:9      | Bought a potion of curing for 45 gold pieces
 10190 | D:9      | Found a glowing silver altar of Zin.
 10190 | D:9      | Found a shadowy altar of Dithmenos.
 11182 | D:9      | Reached XP level 11. HP: 81/81 MP: 24/24
 11240 | D:9      | Noticed a three-headed hydra
 11252 | D:9      | Killed a four-headed hydra
 11501 | D:10     | Entered Level 10 of the Dungeon
 11520 | D:10     | Reached skill level 5 in Hexes
 11520 | D:10     | Reached skill level 5 in Charms
 11520 | D:10     | Reached skill level 5 in Necromancy
 11520 | D:10     | Reached skill level 5 in Transmutations
 11520 | D:10     | Reached skill level 5 in Fire Magic
 11520 | D:10     | Reached skill level 5 in Ice Magic
 11520 | D:10     | Reached skill level 5 in Air Magic
 11520 | D:10     | Reached skill level 5 in Earth Magic
 11520 | D:10     | Reached skill level 5 in Poison Magic
 11523 | D:10     | Reached **** piety under Cheibriados
 12459 | D:10     | Reached ***** piety under Cheibriados
 12866 | D:10     | Found a runed door.
 12866 | D:10     | Found a runed door.
 12866 | D:10     | Noticed a deep troll
 12866 | D:10     | Noticed a deep elf knight
 12866 | D:10     | Noticed a cyclops
 12939 | D:10     | Noticed a centaur warrior
 12947 | D:10     | Noticed a cyclops
 12965 | D:10     | HP: 3/81 [centaur warrior/uncursed staff of energy (11)]
 12965 | D:10     | Mangled by a slime creature

Vault maps used:
D:1:      lordsloth_arrival_two_stooges, serial_rivers,
          chequers_serial_rivers_micro_a, chequers_serial_rivers_small_a,
          chequers_serial_rivers_small_b, chequers_serial_rivers_room_a,
          chequers_serial_rivers_micro_b, hangedman_decor_clover_reticule,
          minmay_misc_feat_tower
D:2:      kennysheep_six_static_rooms, nicolae_qazlal_style_of_elements,
          serial_rivers, chequers_serial_rivers_small_3,
          chequers_serial_rivers_small_b, chequers_serial_rivers_micro_c,
          chequers_serial_rivers_room_a, hex_medium
D:3:      cheibrodos_old_hovel, gammafunk_ghost_nasty_kobolds, uniq_sigmund
D:4:      minmay_diamond_boxcup, grunt_gozag_breadcrumbs, serial_shops,
          nicolae_shop_crystal, nicolae_shop_waterfront, shop,
          minmay_pentomino_pile
D:5:      first_ration, ebering_ghost_sewer_d, nrook_mini_vaults,
          palyth_stone_intersect
D:6:      minmay_temple_entry_slanted, serial_shops, kennysheep_mini_moat,
          shop_statue, uniq_blork_the_orc
D:7:      ldierk_geyser
D:8:      ebering_ghost_inner_flame, chequers_serial_rivers_room_b,
          uniq_prince_ribbit1
D:9:      gammafunk_temple_overflow_elements, hangedman_ranch, nicolae_good_shop
D:10:     minmay_the_grid_triangle_9x9_rhombus_thin, serial_ice, serial_ice_d,
          serial_ice_g, serial_ice_o, serial_ice_i, jiyva_altar_1
Temple:   dpeg_five_rooms_temple

Skill      XL: |  1  2  3  4  5  6  7  8  9 10 11 |
---------------+----------------------------------+-----
Conjurations   | 2 3 4 5 |  5.7
Summonings     | 2 3 4 5 |  5.7
Translocations | 2 3 4 5 |  5.7
Invocations    | 1 2 3 4 5 6 |  6.9
Fighting       | 1 2 3 4 5 6 |  6.3
Short Blades   | 1 2 3 4 5 6 |  6.3
Long Blades    | 1 2 3 4 5 6 |  6.3
Axes           | 1 2 3 4 5 6 |  6.3
Maces & Flails | 1 2 3 4 5 6 |  6.3
Polearms       | 1 2 3 4 5 6 |  6.3
Staves         | 1 2 3 4 5 6 |  6.3
Slings         | 1 2 3 4 5 6 |  6.3
Bows           | 1 2 3 4 5 6 |  6.3
Crossbows      | 1 2 3 4 5 6 |  6.3
Throwing       | 1 2 3 4 5 6 |  6.3
Armour         | 1 2 3 4 5 6 |  6.3
Shields        | 1 2 3 4 5 6 |  6.3
Unarmed Combat | 1 2 3 4 5 6 |  6.3
Evocations     | 1 2 3 4 5 6 |  6.3
Hexes          | 1 2 3 4 5 |  5.2
Charms         | 1 2 3 4 5 |  5.2
Necromancy     | 1 2 3 4 5 |  5.2
Transmutations | 1 2 3 4 5 |  5.2
Fire Magic     | 1 2 3 4 5 |  5.2
Ice Magic      | 1 2 3 4 5 |  5.2
Air Magic      | 1 2 3 4 5 |  5.2
Earth Magic    | 1 2 3 4 5 |  5.2
Poison Magic   | 1 2 3 4 5 |  5.2
Dodging        | 5 6 7 |  7.9
Stealth        | 5 6 7 |  7.6
Spellcasting   | 8 9 |  9.6

Action                   |  1- 3 |  4- 6 |  7- 9 | 10-12 || total
-------------------------+-------+-------+-------+-------++-------
Melee: Dagger            |    16 |    11 |   222 |   400 ||   649
       Bite              |     1 |     4 |    27 |    82 ||   114
       Spear             |       |    81 |    52 |    26 ||   159
       Punch             |       |       |       |    19 ||    19
 Fire: Blowgun           |       |       |       |    15 ||    15
Throw: Stone             |       |       |     1 |       ||     1
 Cast: Magic Dart        |    64 |    24 |    20 |    75 ||   183
       Mephitic Cloud    |       |     4 |     2 |    10 ||    16
       Call Imp          |       |     2 |       |     8 ||    10
       Conjure Flame     |       |     1 |     7 |     5 ||    13
       Confuse           |       |       |       |     7 ||     7
       Regeneration      |       |       |       |     1 ||     1
Evoke: Wand              |       |       |       |     1 ||     1
  Use: Potion            |       |     2 |       |     2 ||     4
       Scroll            |       |       |    14 |     3 ||    17
 Stab: Sleeping          |     2 |     3 |    12 |    12 ||    29
       Confused          |       |       |     1 |     9 ||    10
       Distracted        |       |       |     1 |     3 ||     4
  Eat: Chunk             |     2 |     6 |    12 |     6 ||    26
       Ration            |       |       |       |     2 ||     2
Armor: Leather armour    |    12 |    14 |    36 |    25 ||    87
       Troll leather arm |       |       |       |    41 ||    41
       Acid dragon scale |       |       |       |    19 ||    19
Dodge: Dodged            |    22 |    57 |   117 |   396 ||   592

Table legend:
 A = Non-vault XP
 B = Vault XP
 C = Vault XP percentage of total XP
 D = Non-vault monster count
 E = Vault monster count
 F = Vault count percentage of total count
                 A         B        C        D         E       F
            +---------+---------+-------+---------+---------+-------
      Total |    8845 |    5566 |  38.6 |     209 |      56 |  21.1
            +---------+---------+-------+---------+---------+-------
        D:1 |      61 |       0 |   0.0 |      29 |       0 |   0.0
        D:2 |      89 |      38 |  29.9 |      19 |       6 |  24.0
        D:3 |      31 |     711 |  95.8 |       8 |      10 |  55.6
        D:4 |     583 |     155 |  21.0 |      19 |       7 |  26.9
        D:5 |     479 |     668 |  58.2 |      15 |       4 |  21.1
        D:6 |     773 |     100 |  11.5 |      22 |       1 |   4.3
        D:7 |     743 |       0 |   0.0 |      14 |       0 |   0.0
        D:8 |    1959 |    1127 |  36.5 |      33 |       3 |   8.3
        D:9 |    2740 |    2144 |  43.9 |      35 |      13 |  27.1
       D:10 |    1387 |     623 |  31.0 |      15 |      12 |  44.4
            +---------+---------+-------+---------+---------+-------
